 Dungeon Crawl Stone Soup version 0.28.0-53-g5a82cb258f (webtiles) character file.

Game seed: 3129970505022332994

49 raph the Chucker (level 3, -2/35 HPs)
             Began as a Troll Hunter on June 27, 2022.
             Killed by divine providence
             ... invoked by an orc priest
              (15 damage)
             ... on level 3 of the Dungeon.
             The game lasted 00:02:16 (1346 turns).

raph the Chucker (Troll Hunter)                     Turns: 1346, Time: 00:02:16

Health: -2/35      AC:  4    Str: 20    XL:     3   Next: 53%
Magic:  2/2        EV: 10    Int: 13    God:
Gold:   115        SH:  0    Dex: 12    Spells: 2/2 levels left

rFire   . . .      SeeInvis .     - Unarmed
rCold   . . .      Faith    .   (no shield)
rNeg    . . .      Spirit   .   b - +0 robe
rPois   .          Reflect  .   (helmet restricted)
rElec   .          Harm     .   (no cloak)
rCorr   .          Rampage  .   (gloves unavailable)
Will    .....                   (boots unavailable)
Stlth   +.........              (no amulet)
HPRegen 0.91/turn               i - +6 ring of intelligence
MPRegen 0.08/turn               (no ring)

@: no status effects
A: large, unfitting armour, claws 3, regeneration 1, shaggy fur 1, tough skin 1
a: no special abilities


You were on level 3 of the Dungeon.
You visited 1 branch of the dungeon, and saw 3 of its levels.

You collected 115 gold pieces.

Inventory:

Hand Weapons
 k - the +8 dagger of Patience {freeze, Int+6}
   (You found it on level 3 of the Dungeon)

   It freezes those it strikes, dealing additional cold damage.
   It can also slow down cold-blooded creatures.
   Int:       It affects your intelligence (+6).
Missiles
 c - a large rock (quivered)
 d - 2 throwing nets
 f - 13 stones
Armour
 b - a +0 robe (worn)
Jewellery
 i - a +6 ring of intelligence (left claw)
Scrolls
 e - 3 scrolls of identify {unknown}
 g - 2 scrolls of vulnerability {unknown}
Potions
 a - a potion of degeneration {unknown}
 h - 4 potions of mutation {unknown}
 j - a potion of invisibility {unknown}


   Skills:
 + Level 1.8 Fighting
 + Level 4.1 Throwing
 + Level 1.7 Dodging
 - Level 0.3 Stealth
 + Level 2.0 Unarmed Combat


You had 2 spell levels left.
You didn't know any spells.
Your spell library was empty.

Dungeon Overview and Level Annotations

Branches:
Dungeon (3/15)

Altars:

Annotations:
D:3 Grinder


Innate Abilities, Weirdness & Mutations

You are too large for most types of armour.
You have claws for hands.
Your natural rate of healing is unusually fast.
You are covered in fur. (AC +1)
You have tough skin. (AC +1)


Message History

The orc priest miscasts a cantrip.
You closely miss the orc. The orc closely misses you.
Okay, then.
You scratch the orc.
The orc is heavily wounded.
The orc closely misses you.
You claw the orc!
You kill the orc!
You scratch the kobold but do no damage.
You claw the kobold.
You kill the kobold!
Your Unarmed Combat skill increases to level 2!
You scratch the orc but do no damage. The orc barely misses you.
The orc priest casts a cantrip, but nothing happens.
You scratch the orc.
The orc is heavily wounded.
The orc barely misses you.
Throw: 3 large rocks
Press: ? - help, Q - select action, (/) - cycle Shift-Dir - straight line, f - orc
Aim: an orc, wielding a +0 dagger and wearing a +0 ring mail (heavily wounded, 63% to hit)
You throw a large rock. The large rock hits the orc!!
You kill the orc!
The orc priest hits you with a +0 short sword.
Throw: 2 large rocks
Press: ? - help, Q - select action, (/) - cycle Shift-Dir - straight line, f - orc priest
Aim: an orc priest, wielding a +0 short sword (59% to hit)
You throw a large rock.
The large rock barely misses the orc priest.
The large rock hits the orc priest!
The orc priest is severely wounded.
The orc priest begins to cast a cantrip, but forgets the words!
The orc priest mumbles some strange prayers to Beogh against you.
Beogh smites you!
The orc priest hits you with a +0 short sword.
You hear a shout!
You barely miss the orc priest. The orc priest barely misses you.
You barely miss the orc priest.
The orc priest calls down the wrath of Beogh upon you.
Beogh smites you!
You die...

#..# # #..#.# #.#
#..# ..5..# #.#
#..##############.#
##>............##.#
#############.##.#
#.##.# #### #.#
...### #.# ####...
#@# #.....####o#
#..oK...o#
#.#.###### # #.#
#.# #.# #.# #.#


You could see 2 orc priests.

Vanquished Creatures
  A dart slug (D:1)
  2 orcs (D:3)
  2 bats (D:1)
  6 endoplasms
  A giant cockroach (D:1)
  4 goblins
  5 hobgoblins
  8 kobolds
  4 quokkas
  2 ball pythons (D:2)
  3 rats
38 creatures vanquished.

Notes
Turn   | Place    | Note
-------+----------+-------------------------------------------
     0 | D:1      | raph the Troll Hunter began the quest for the Orb.
     0 | D:1      | Reached XP level 1. HP: 19/19 MP: 0/0
   163 | D:1      | Reached skill level 1 in Unarmed Combat
   166 | D:1      | Reached XP level 2. HP: 27/27 MP: 1/1
   258 | D:1      | Reached skill level 4 in Throwing
   362 | D:1      | Reached XP level 3. HP: 33/33 MP: 2/2
   688 | D:2      | Noticed a golden eye
   697 | D:2      | Found a faded altar of an unknown god.
   700 | D:2      | Noticed a great orb of eyes
   700 | D:2      | Noticed a floating eye
   700 | D:2      | Noticed a floating eye
  1166 | D:3      | Noticed Grinder
  1243 | D:3      | Identified the +8 dagger of Patience {freeze, Int+6}
  1346 | D:3      | Killed from afar by an orc priest

Illustrated notes

Levels and vault maps discovered:
D:1:      ncdulo_wetmaze, layout_rooms, nicolae_concentric_dashed_squares_wild
D:2:      layout_rooms, hellmonk_ecumenical_altar_watching_god
D:3:      layout_basic, amcnicky_altar_gilded, uniq_grinder

Skill      XL: |  1  2  3 |
---------------+----------+-----
Unarmed Combat | 1 2 |  2.0
Throwing       | 4 |  4.1
Fighting       | |  1.8
Dodging        | |  1.7
Stealth        | |  0.3

Action                   || total
-------------------------++-------
Melee: Unarmed           ||   100
       Punch             ||     2
Throw: Large rock        ||     7
Armor: Robe              ||    43
Dodge: Dodged            ||    56
